AoeStats
← Led-Set

Arena

504105586Analyzed
2v2 RM · 27d ago on Sep 3, 2026· 57m 37s· 4 players
Game mode
Random Map
Map size
Medium (4 player)
Population
200
Speed
Normal
Resources
Standard
Victory
Conquest
Starting age
Dark Age
Ending age
Imperial Age
RankedLock teamsTeams togetherTeam positionsShared explorationLock speedFull tech treeHidden civsTurbo modeCheats
Victory
Defeat
🇨🇿 Aztecs · Czechia
898
+15
🇩🇪 Franks · Germany
860
+16
🇨🇱 Turks · Chile
869
-15
🇨🇱 Koreans · Chile
869
-16
Neomex
5:18 Loom
10:10 Feudal Age
10:41 Double-Bit Axe
11:22 Horse Collar
16:06 Wheelbarrow
15:48 Arson
16:27 Scale Mail Armor
17:15 Forging
22:35 Castle Age
22:29 Gold Mining
22:31 Stone Mining
23:42 Hand Cart
23:40 Bow Saw
22:53 Eagle Warrior
25:26 Chain Mail Armor
27:04 Heavy Plow
27:45 Iron Casting
28:40 Squires
37:24 Imperial Age
37:38 Atlatl
37:03 Elite Skirmisher
37:46 Padded Archer Armor
37:36 Fletching
39:16 Plate Mail Armor
38:47 Capped Ram
40:28 Ballistics
41:09 Chemistry
43:17 Blast Furnace
42:33 Leather Archer Armor
42:14 Bodkin Arrow
42:20 Elite Eagle Warrior
55:20 Siege Ram
BABAN
0:27 Loom
13:37 Feudal Age
14:53 Wheelbarrow
14:18 Town Watch
19:13 Castle Age
17:12 Double-Bit Axe
17:36 Stone Mining
18:03 Forging
18:33 Scale Barding Armor
20:29 Caravan
21:25 Bow Saw
30:10 Imperial Age
27:54 Husbandry
29:08 Hand Cart
33:25 Cavalier
38:19 Hoardings
37:21 Light Cavalry
38:22 Chain Barding Armor
38:38 Iron Casting
40:13 Plate Barding Armor
39:29 Fletching
39:40 Padded Archer Armor
39:49 Stone Mining
40:18 Scale Mail Armor
40:21 Squires
42:26 Blast Furnace
43:12 Chivalry
44:11 Ballistics
43:37 Arrowslits
44:47 Paladin
45:23 Gold Mining
48:18 Town Patrol
51:00 Chemistry
54:13 Elite Throwing Axeman
54:49 Guard Tower
56:05 #83
56:20 Coinage
55:52 Murder Holes
56:07 Fortified Wall
F e m t o
10:20 Feudal Age
10:55 Stone Mining
10:57 Gold Mining
10:59 Double-Bit Axe
10:59 Horse Collar
13:48 Loom
17:35 Castle Age
19:03 Heavy Plow
21:59 Bow Saw
22:46 Wheelbarrow
22:39 Town Watch
25:26 Masonry
27:01 Murder Holes
27:52 Fletching
28:57 Town Watch
30:49 Ballistics
30:41 Bodkin Arrow
36:41 Imperial Age
34:28 Hand Cart
36:10 Fortified Wall
37:12 Treadmill Crane
38:03 Architecture
39:31 Two-Man Saw
39:14 Conscription
38:55 Artillery
38:52 Stone Mining
40:46 Town Patrol
42:13 Padded Archer Armor
42:20 Scale Barding Armor
43:01 Heavy Camel Rider
43:52 Bloodlines
44:34 Husbandry
44:53 Leather Archer Armor
46:32 Elite Janissary
47:43 Caravan
Led-Set
11:07 Feudal Age
12:30 Double-Bit Axe
12:32 Horse Collar
13:33 Gold Mining
19:04 Castle Age
20:33 Squires
20:18 Arson
23:40 Gold Shaft Mining
26:51 Forging
26:42 Scale Mail Armor
32:12 Imperial Age
33:32 Eupseong
34:31 Iron Casting
34:12 Chain Mail Armor
33:49 Fletching
33:47 Gambesons
35:32 Elite War Wagon
39:31 Bodkin Arrow
40:07 Plate Mail Armor
39:01 Elite Fire Lancer
40:52 Chemistry
45:07 Shinkichon
Connection lost

Rejoining the realm…

Still unreachable

The connection could not be restored.

Session expired

The server has moved on; the page needs a fresh start.